 Dungeon Crawl Stone Soup version 0.18-a0-1542-g9c1a92e (webtiles) character file.

3376 mrath the Basher (level 9, -4/79 HPs)
             Began as a Minotaur Fighter on Mar 10, 2016.
             Was an Elder of Okawaru.
             Slain by an orc warrior
             ... wielding a +0 halberd
              (14 damage)
             ... on level 9 of the Dungeon.
             The game lasted 00:36:34 (8759 turns).

mrath the Basher (Minotaur Fighter)                 Turns: 8759, Time: 00:36:35

Health: -4/79      AC:  7    Str: 24    XL:     9   Next: 74%
Magic:  5/11       EV: 11    Int:  9    God:    Okawaru [****..]
Gold:   391        SH: 11    Dex: 10    Spells: 0 memorised, 8 levels left

rFire  . . .     SeeInvis .     s - +5 mace (drain)
rCold  + + +     Gourm    .     E - +1 ring mail of Integrity {rF- rC+++ rCorr Int+4}
rNeg   . . .     Faith    .     c - +0 shield
rPois  .         Spirit   .     (helmet restricted)
rElec  .         Dismiss  .     (no cloak)
rCorr  +         Reflect  .     (no gloves)
SustAt .         Harm     .     (no boots)
MR     .....                    (no amulet)
Stlth  ..........               (no ring)
                                O - ring of protection from fire

@: not resistant to hostile enchantments, extremely unstealthy
A: retaliatory headbutt, horns 2
a: Heroism, Renounce Religion


You were on level 9 of the Dungeon.
You worshipped Okawaru.
Okawaru was greatly pleased with you.
You were not hungry.

You visited 2 branches of the dungeon, and saw 10 of its levels.

You collected 391 gold pieces.

Inventory:

Hand Weapons
 a - a +0 flail
 g - a +0 hunting sling
 i - a +3 falchion
 s - a +5 mace of draining (weapon)
 G - a +0 long sword of distortion
 N - a +1 antimagic war axe
Missiles
 e - 8 javelins (quivered)
 u - 34 poisoned needles
 y - 17 sling bullets of frost
 I - 4 tomahawks
 J - 4 steel tomahawks
 Q - 31 sling bullets
Armour
 c - a +0 shield (worn)
 t - a +0 chain mail
 E - the +1 ring mail of Integrity (worn) {rF- rC+++ rCorr Int+4}
   (You found it on level 4 of the Dungeon)

   It affects your intelligence (+4).
   It makes you vulnerable to fire.
   It renders you almost immune to cold.
   It protects you from acid and corrosion.
Jewellery
 O - a ring of protection from fire (left hand)
Wands
 n - a wand of iceblast (10/15)
 P - a wand of confusion (21/48)
Scrolls
 b - a scroll of noise {unknown}
 j - a scroll of remove curse
 k - 3 scrolls of fog {unknown}
 l - a scroll of magic mapping {unknown}
 m - 2 scrolls of immolation {unknown}
 p - a scroll of identify
 x - 2 scrolls of recharging
 C - a scroll of fear {unknown}
 K - 3 scrolls of teleportation {unknown}
 L - a scroll of holy word {unknown}
Potions
 d - a potion of might
 o - 2 potions of lignification {unknown}
 q - 2 potions of brilliance {unknown}
 v - 4 potions of curing
 w - 4 potions of degeneration {unknown}
 z - 2 potions of heal wounds {unknown}
 B - 2 potions of flight {unknown}
 F - a potion of cure mutation {unknown}
 H - a potion of cancellation {unknown}
 M - 2 potions of mutation {unknown}
 R - a potion of ambrosia {unknown}
Comestibles
 f - 7 bread rations
 h - 6 beef jerkies
 r - 2 meat rations
 A - a royal jelly
 D - 4 slices of pizza
 S - 2 chunks of flesh


   Skills:
 + Level 7.3 Fighting
 + Level 9.6 Maces & Flails
 + Level 7.2 Armour
 + Level 5.1 Dodging
 + Level 6.8 Shields
 + Level 4.7 Evocations


You had 8 spell levels left.
You didn't know any spells.

Dungeon Overview and Level Annotations

Branches:
Dungeon (9/15)             Temple (1/1) D:4
   Lair: D:8-11         Orc: D:9-12

Altars:
Ashenzari
Cheibriados
Dithmenos
Elyvilon
Fedhas
Gozag
Kikubaaqudgha
Makhleb
Nemelex Xobeh
Okawaru
Pakellas
Qazlal
Ru
Sif Muna
Trog
Vehumet
Xom
Yredelemnul
Zin
The Shining One

Annotations:
D:6 Prince Ribbit


Innate Abilities, Weirdness & Mutations

You reflexively headbutt those who attack you in melee.
You have a pair of horns on your head.


Message History

The kobold shoots a poisoned needle.
You block the poisoned needle. The orc warrior misses you.
The kobold unwields an uncursed blowgun.
You block the kobold's attack.
Items here: )) [ † a flail; a ring mail; a short sword; an orc corpse You closely miss the orc warrior.
You headbutt the orc warrior, but do no damage.
The orc warrior hits you with a halberd!!
* * * LOW HITPOINT WARNING * * *
You block the kobold's attack.
Drink which item? (? for menu, Esc to quit)
You feel better.
The orc warrior hits you with a halberd!
* * * LOW HITPOINT WARNING * * *
You block the kobold's attack.
You hit the orc warrior but do no damage.
The kobold barely misses you.
The orc warrior hits you with a halberd!
You die...

#........
########.#######
#......).##...##
########.#.8...##
#........#
#......_.#
#........#...
#(#.8...##....
#@##...##.....
#######oK#####......
....................
#######.............
#.............
#.............
#.............
#.............
#.....(.......


You could see an orc warrior and a kobold.

Vanquished Creatures
  Joseph (D:8)
  A hippogriff (D:7)
  An orc warrior (D:8)
  A sky beast (D:6)
  4 phantoms
  2 eyes of draining (D:9)
  3 centaurs
  2 ogres
  A big kobold (D:8)
  6 giant frogs
  A scorpion (D:7)
  3 howler monkeys
  2 crimson imps (D:9)
  A quasit (D:7)
  A centaur skeleton (D:9)
  A jelly (D:6)
  6 orc wizards
  A giant frog skeleton (D:7)
  4 hounds
  5 orc priests
  Terence (D:2)
  An iguana (D:5)
  6 worker ants
  2 killer bee zombies
  3 gnolls (D:7)
  13 adders
  6 river rats (D:7)
  2 shadow imps
  3 oozes
  An adder zombie (D:8)
  An adder skeleton (D:6)
  3 worms
  3 giant geckos
  26 orcs
  12 bats
  6 giant cockroaches
  5 goblins
  4 hobgoblins
  12 jackals
  6 kobolds
  4 quokkas
  2 ball pythons (D:2)
  A giant cockroach zombie (D:6)
  A giant gecko skeleton (D:8)
  A giant gecko zombie (D:5)
  5 giant newts
  A jackal skeleton (D:4)
  27 rats
  A bush (D:6)
206 creatures vanquished.

Notes
Turn   | Place    | Note
--------------------------------------------------------------
     0 | D:1      | mrath the Minotaur Fighter began the quest for the Orb.
     0 | D:1      | Reached XP level 1. HP: 19/19 MP: 0/0
   107 | D:1      | Reached skill level 3 in Maces & Flails
   302 | D:1      | Reached XP level 2. HP: 26/26 MP: 1/1
   872 | D:1      | Reached skill level 4 in Maces & Flails
  1077 | D:2      | Reached XP level 3. HP: 21/31 MP: 2/2
  1500 | D:2      | Noticed Terence
  1510 | D:2      | Killed Terence
  1510 | D:2      | Reached skill level 5 in Maces & Flails
  1510 | D:2      | Reached XP level 4. HP: 11/39 MP: 3/3
  2388 | D:3      | Reached skill level 6 in Maces & Flails
  2494 | D:3      | Reached XP level 5. HP: 45/45 MP: 4/4
  2642 | D:3      | Reached skill level 7 in Maces & Flails
  3164 | D:4      | Noticed a phantom
  3190 | D:4      | Killed a phantom
  3190 | D:4      | Reached XP level 6. HP: 44/52 MP: 5/5
  3501 | D:4      | Got an encrusted ring mail
  3512 | D:4      | Identified the cursed +1 ring mail of Integrity {rF- rC+++ rCorr Int+4} (You found it on level 4 of the Dungeon)
  3679 | D:4      | Found a staircase to the Ecumenical Temple.
  3685 | Temple   | Entered the Ecumenical Temple
  3725 | Temple   | Became a worshipper of Warmaster Okawaru
  3922 | D:5      | Entered Level 5 of the Dungeon
  3927 | D:5      | Reached skill level 1 in Dodging
  3927 | D:5      | Reached skill level 1 in Evocations
  4312 | D:5      | Reached XP level 7. HP: 22/59 MP: 7/7
  5213 | D:6      | Reached * piety under Okawaru
  5296 | D:6      | Reached skill level 8 in Maces & Flails
  5328 | D:6      | Reached skill level 5 in Fighting
  5383 | D:6      | Found a shadowy altar of Dithmenos.
  5472 | D:6      | Reached skill level 5 in Armour
  5543 | D:6      | Noticed Prince Ribbit
  5767 | D:6      | Reached XP level 8. HP: 62/68 MP: 9/9
  6203 | D:7      | Reached skill level 5 in Shields
  6226 | D:7      | Reached ** piety under Okawaru
  7353 | D:8      | Noticed Joseph
  7370 | D:8      | Killed Joseph
  7370 | D:8      | Reached *** piety under Okawaru
  7370 | D:8      | Reached skill level 9 in Maces & Flails
  7370 | D:8      | Reached XP level 9. HP: 68/78 MP: 10/10
  8706 | D:9      | Reached skill level 5 in Dodging
  8711 | D:9      | Found a bloodstained altar of Trog.
  8721 | D:9      | Reached **** piety under Okawaru
  8759 | D:9      | Slain by an orc warrior

Vault maps used:
D:1:      dpeg_arrival_rooms_with_view
D:2:      first_bread, uniq_terence
D:4:      minmay_temple_entry_enclosed_plants, kennysheep_generic_room_5
D:5:      minmay_misc_feat_five
D:6:      nicolae_overflow_crystal_walls, minmay_hedge_maze, uniq_prince_ribbit1
D:7:      lemuel_ratsnest
D:8:      uniq_joseph
D:9:      trog_eyes_of_draining, serial_shops, nicolae_shop_overgrown_old_shop,
          uniq_psyche
Temple:   grunt_circular_temple_18

Skill      XL: |  1  2  3  4  5  6  7  8  9 |
---------------+----------------------------+-----
Maces & Flails | 3 4 5 6 7 8 9 |  9.6
Dodging        | 1 2 4 5 |  5.1
Evocations     | 1 2 3 4 |  4.7
Shields        | 4 5 6 |  6.8
Fighting       | 4 5 6 7 |  7.3
Armour         | 4 5 6 7 |  7.2

Action                   |  1- 3 |  4- 6 |  7- 9 || total
-------------------------+-------+-------+-------++-------
Melee: Flail             |    77 |     5 |       ||    82
       Mace              |       |   149 |   351 ||   500
  Use: Scroll            |       |     2 |     4 ||     6
       Potion            |       |       |     1 ||     1
  Eat: Chunk             |     2 |     9 |    14 ||    25
